 Dungeon Crawl Stone Soup version 0.29.1-1-gd02db6906a (webtiles) character file.

Game seed: 6607927360772453630

2 hawla the Covered (level 1, 0/12 HPs)
             Began as a Deep Elf Wanderer on Oct 4, 2022.
             Slain by a jackal (3 damage)
             ... on level 1 of the Dungeon.
             The game lasted 00:01:29 (38 turns).

hawla the Covered (Deep Elf Wanderer)                 Turns: 38, Time: 00:01:30

Health: 0/12       AC:  5    Str:  8    XL:     1   Next: 33%
Magic:  5/5        EV:  9    Int: 19    God:
Gold:   0          SH:  0    Dex: 12    Spells: 2/3 levels left

rFire   . . .      SeeInvis .   a - +0 dagger
rCold   . . .      Faith    .   (no shield)
rNeg    . . .      Spirit   .   c - +0 ring mail
rPois   .          Reflect  .   (no helmet)
rElec   .          Harm     .   (no cloak)
rCorr   .          Rampage  .   (no gloves)
Will    .....                   (no boots)
Stlth   +.........              (no amulet)
HPRegen 0.04/turn               (no ring)
MPRegen 0.09/turn               (no ring)

@: no status effects
A: no striking features
a: no special abilities


You were on level 1 of the Dungeon.
You visited 1 branch of the dungeon, and saw 1 of its levels.

Inventory:

Hand Weapons
 a - a +0 dagger (weapon)
Armour
 c - a +0 ring mail (worn)
Potions
 b - a potion of curing


   Skills:
 - Level 1.0 Fighting
 - Level 3.2 Armour
 - Level 1.5 Spellcasting
 - Level 2.6 Hexes
 * Level 1.5 Translocations
 - Level 1.1 Evocations


You had 2 spell levels left.
You knew the following spells:

 Your Spells              Type           Power      Damage    Failure   Level
a - Apportation           Tloc           14%        N/A       26%         1

Your spell library contained the following spells:

 Spells                   Type           Power      Damage    Failure   Level
 Slow                     Hex            44%        N/A       17%         1
 Ensorcelled Hibernation  Hex/Ice        12%        N/A       41%         2
 Portal Projectile        Hex/Tloc       18%        N/A       54%         3
 Teleport Other           Tloc           7%         N/A       63%         3


Dungeon Overview and Level Annotations

Branches:
Dungeon (1/15)

Altars:


Message History

The endoplasm hits you. The goblin barely misses you.
You hit the endoplasm.
The endoplasm is almost dead.
The endoplasm freezes you.
You are frozen.
The goblin completely misses you.
You are too injured to fight recklessly!
Unknown command.
The endoplasm attacks as you move away! The endoplasm completely misses you.
The goblin hits you but does no damage. The goblin attacks as you move away!
The goblin hits you but does no damage. The goblin attacks as you move away!
The goblin barely misses you.
You hit the endoplasm.
You kill the endoplasm!
You closely miss the goblin. The goblin hits you but does no damage.
You hit the goblin.
The goblin is heavily wounded.
The goblin closely misses you.
You barely miss the goblin.
The goblin is heavily wounded.
The goblin closely misses you.
You barely miss the goblin.
The goblin is heavily wounded.
The goblin hits you with a +0 club.
You hit the goblin but do no damage.
The goblin is heavily wounded.
The goblin hits you with a +0 club.
You hit the goblin but do no damage.
The goblin is heavily wounded.
The goblin barely misses you.
You closely miss the goblin.
The goblin is heavily wounded.
The goblin hits you with a +0 club.
* * * LOW HITPOINT WARNING * * *
You aren't carrying any items that you can evoke.
You hit the goblin.
You kill the goblin!
You hit the jackal.
The jackal is heavily wounded.
The jackal bites you.
You die...

.... .... ........
####... >.. . ...h ...
....####.## ##.# #.
........hh# #..# ...(
......###h###..####....


.PPPPPPPP@PPPPPPPP..... .PPPPPP.....PPPPPP..... .PPPP..PPPPP..PPPP.....
.PPP.PPP...PPP.PPP..... . PP.PP.PPP.PP.PPP..... P.PP.PP.PP.PP.PP.##..
P.P.PP.P.PP.P.PP..... P.P.P.PPP.P.P.PP...## P.P.PP.P.PP.P.PP##... You could see
3 jackals.

Vanquished Creatures
  An endoplasm (D:1)
  A goblin (D:1)
2 creatures vanquished.

Notes
Turn   | Place    | Note
-------+----------+-------------------------------------------
     0 | D:1      | hawla the Deep Elf Wanderer began the quest for the Orb.
     0 | D:1      | hawla set off with the following items: a +0 dagger, a
                  | potion of curing, a +0 ring mail; and the following spells
                  | available to memorise: Slow, Apportation, Ensorcelled
                  | Hibernation, Portal Projectile, Teleport Other.
     0 | D:1      | Reached XP level 1. HP: 12/12 MP: 5/5
     2 | D:1      | Learned a level 1 spell: Apportation
    38 | D:1      | Slain by a jackal

Illustrated notes

Levels and vault maps discovered:
D:1:      roderic_crop_circles_arrival_small, layout_rooms,
          basic_ecumenical_altar

Action                   || total
-------------------------++-------
Melee: Dagger            ||    13
Armor: Ring mail         ||     3
Dodge: Dodged            ||     8
